 Dungeon Crawl Stone Soup version 0.32-a0-975-g85d4e5bfdb (webtiles) character file.

Game seed: 8865142215147309770

9762 ezpacito the Trooper (level 11, -3/100 HPs)
             Began as a Coglin Chaos Knight on Apr 19, 2024.
             Was a Plaything of Xom.
             Slain by a boulder beetle (15 damage)
             ... on level 9 of the Dungeon.
             The game lasted 00:14:00 (7414 turns).

ezpacito the Trooper (Coglin Chaos Knight)          Turns: 7414, Time: 00:14:00

Health: -3/100     AC: 12    Str: 16    XL:     11   Next: 51%
Magic:  16/16      EV: 12    Int: 15    God:    Xom [..*...]
Gold:   977        SH:  0    Dex: 13    Spells: 5/17 levels left

rFire   . . .        a - +0 hand axe (chaos) {Agam}
rCold   . . .        i - +3 trident (drain) {Vicente}
rNeg    . . .        e - +1 acid dragon scales
rPois   .            v - +0 helmet
rElec   .            (no cloak)
rCorr   +            g - +0 pair of gloves
SInv    .            (no boots)
Will    .....        (amulet unavailable)
Stlth   ++           (ring unavailable)
HPRegen 1.16/turn    (ring unavailable)
MPRegen 0.15/turn    (no gizmo)

%: no passive effects
@: revved
A: off-hand wielding, slow wielding, warmup strikes, no jewellery, clever 1,
mutation resistance 1, regeneration 1, robust 2, shaggy fur 1
a: Invent Gizmo, Renounce Religion


You were on level 9 of the Dungeon.
You worshipped Xom.
You were a toy of Xom.
You visited 2 branches of the dungeon, and saw 10 of its levels.

You collected 1279 gold pieces.
You spent 302 gold pieces at shops.

Inventory:

Hand Weapons
 a - a +0 hand axe of chaos (weapon) {Agam}
 i - a +3 trident of draining (offhand) {Vicente}
 s - a +2 hand axe of electrocution
 x - a +0 shortbow
 y - a +3 war axe
 B - a +0 broad axe
Missiles
 b - 18 poisoned darts (quivered)
 c - 4 curare-tipped darts
 k - 11 boomerangs
 p - 3 throwing nets
 u - 4 javelins
Armour
 e - +1 acid dragon scales (worn)
 g - a +0 pair of gloves (worn)
 v - a +0 helmet (worn)
 z - a +0 plate armour
Talismans
 f - a flux talisman
 r - a blade talisman
Wands
 d - a wand of warping (9)
 q - a wand of flame (11)
Scrolls
 h - a scroll of amnesia
 j - 2 scrolls of poison
 m - 2 scrolls of fog
 n - 3 scrolls of vulnerability
 o - 4 scrolls of noise
 t - 2 scrolls of enchant weapon
 A - a scroll of immolation


   Skills:
 * Level 7.1 Fighting
 * Level 7.0(8.2) Axes
 * Level 5.7(7.1) Polearms
 + Level 3.7 Throwing
 * Level 6.2 Armour
 * Level 5.9 Dodging
 - Level 5.0 Stealth
 + Level 3.5 Spellcasting
 + Level 1.2 Hexes
 + Level 0.7 Summonings
 + Level 0.6 Necromancy
 + Level 1.2 Ice Magic
 + Level 4.1 Evocations
 + Level 3.3 Shapeshifting


You had 5 spell levels left.
You knew the following spells:

 Your Spells              Type           Power      Damage    Failure   Level
a - Metabolic Englaciati  Hex/Ice        3%         N/A       99%         5
b - Martyr's Knell        Necr/Summ      4%         N/A       88%         4
x - Vampiric Draining     Necr           4%         2d6       50%         3

Your spell library contained the following spells:

 Spells                   Type           Power      Damage    Failure   Level
 Necrotise                Necr           16%        1d4       19%         1
 Frozen Ramparts          Ice            12%        1d2       41%         3
 Ozocubu's Armour         Ice            6%         N/A       41%         3
 Curse of Agony           Necr           4%         N/A       99%         5


Dungeon Overview and Level Annotations

Branches:
Dungeon (9/15)             Temple (1/1) D:6
   Lair: D:8-11         Orc: D:9-12

Altars:
Ashenzari
Cheibriados
Dithmenos
Elyvilon
Fedhas
Gozag
Hepliaklqana
Kikubaaqudgha
Makhleb
Okawaru
Qazlal
Ru
Trog
Uskayaw
Vehumet
Wu Jian
Xom
Yredelemnul
Zin
The Shining One

Shops:
D:3 *   D:8 [


Innate Abilities, Weirdness & Mutations

You can wield a second weapon in your off-hand.
It takes a long time for you to wield or remove held weapons.
Your first few attacks do less damage.
You cannot equip rings or amulets.
Your mind is acute. (Int +4, Str/Dex -1)
You are somewhat resistant to further mutation.
Your natural rate of healing is unusually fast.
You are very robust. (+20% HP)
You are covered in fur. (AC +1)


Message History

You hit the boulder beetle but do no damage.
The boulder beetle seems to grow stronger.
The boulder beetle bites you but does no damage.
Okay, then.
You hit the boulder beetle with your +3 trident of draining.
The boulder beetle is heavily wounded.
You hit the boulder beetle with your +0 hand axe of chaos.
You barely miss the boulder beetle with your +0 hand axe of chaos.
The boulder beetle is heavily wounded.
You hit the boulder beetle but do no damage.
The boulder beetle closely misses you.
You hit the boulder beetle but do no damage.
You drain the boulder beetle.
The boulder beetle is severely wounded.
You hit the boulder beetle but do no damage.
The boulder beetle barely misses you.
You puncture the boulder beetle with your +3 trident of draining!
You drain the boulder beetle.
The boulder beetle is severely wounded.
You barely miss the boulder beetle with your +0 hand axe of chaos.
The boulder beetle bites you!
* * * LOW HITPOINT WARNING * * *
You take 8 damage, and have 17/100 hp.
You barely miss the boulder beetle with your +0 hand axe of chaos.
The boulder beetle is severely wounded.
You hit the boulder beetle with your +3 trident of draining.
The boulder beetle bites you.
* * * LOW HITPOINT WARNING * * *
You take 1 damage, and have 16/100 hp.
You hit the boulder beetle but do no damage.
The boulder beetle is almost dead.
You hit the boulder beetle but do no damage.
The boulder beetle bites you.
* * * LOW HITPOINT WARNING * * *
You take 5 damage, and have 11/100 hp.
You hit the boulder beetle but do no damage.
The boulder beetle is almost dead.
You hit the boulder beetle with your +0 hand axe of chaos.
The boulder beetle appears confused.
The boulder beetle bites you!
You die...

..<.'.......##..
#...#....[..
....##########.c
#.†.######'# ##'##
##'#######'#####...#
#.#
#...#...#...##.).###
#.#
#...'...'...#.)###
#.#
#...#.†)#...#.####
#.#
######†######....#
#.#
#...#.))##.......#
#.# #@#.#..........#
#.# #.B.####.......#
###.# ####.#### ..#
#.# ### #.. ##.# .#


You could see a boulder beetle (strong, confused, very drained).

Vanquished Creatures
  Gastronok (D:8)
  A hydra (D:9)
  A boulder beetle (D:9)
  Erica (D:8)
  A two-headed ogre (D:9)
  Pikel (D:7)
  A cane toad (shapeshifter) (D:9)
  Jeremiah (D:6)
  Psyche (D:9)
  A vampire mosquito (D:9)
  An acid dragon (D:9)
  4 orc warriors
  A black bear (D:5)
  An ice beast (D:8)
  2 sky beasts
  A laughing skull (D:9)
  2 ogres (D:5)
  3 centaurs
  A phantom (D:5)
  A kobold brigand (D:4)
  4 bullfrogs
  2 scorpions (D:5)
  9 wights
  11 killer bees
  3 howler monkeys
  8 hounds
  2 bombardier beetles
  A gnoll bouda (D:7)
  A jelly (D:4)
  8 orc priests
  5 iguanas
  A sleepcap (D:4)
  Natasha (thrice) (D:3)
  15 orc wizards
  33 gnolls
  6 adders
  2 white imps
  2 ufetubi (D:6)
  A ribbon worm (D:4)
  3 dart slugs
  49 orcs
  5 bats
  5 endoplasms
  5 giant cockroaches
  8 goblins
  2 hobgoblins
  9 jackals (D:4)
  A quokka (D:2)
  7 ball pythons
  A frilled lizard (D:1)
  12 kobolds
  5 rats
256 creatures vanquished.

Vanquished Creatures (collateral kills)
  Joseph (D:8)
1 creature vanquished.

Grand Total: 257 creatures vanquished

Notes
Turn   | Place    | Note
-------+----------+-------------------------------------------
     0 | D:1      | ezpacito the Coglin Chaos Knight began the quest for the
                  | Orb.
     0 | D:1      | Reached XP level 1. HP: 18/18 MP: 1/1
    14 | D:1      | Reached skill level 1 in Dodging
    25 | D:1      | XOM: silly message
    79 | D:1      | Reached XP level 2. HP: 24/24 MP: 2/2
   325 | D:1      | XOM: silly message
   347 | D:1      | Reached skill level 1 in Polearms
   396 | D:1      | XOM: silly message
   684 | D:2      | Reached XP level 3. HP: 29/29 MP: 3/3
  1182 | D:2      | Reached XP level 4. HP: 34/35 MP: 4/4
  1519 | D:3      | Noticed Natasha
  1523 | D:3      | Killed Natasha
  1584 | D:3      | Noticed Natasha
  1594 | D:3      | Killed Natasha
  1627 | D:3      | XOM: 7-stop teleportation journey
  1670 | D:3      | Noticed Natasha
  1674 | D:3      | Killed Natasha
  1675 | D:3      | Reached skill level 1 in Stealth
  1675 | D:3      | Reached XP level 5. HP: 40/41 MP: 6/6
  1797 | D:3      | Found Kezahorgh's General Store.
  1804 | D:3      | Bought a scroll of identify for 28 gold pieces
  1804 | D:3      | Bought a scroll of vulnerability for 56 gold pieces
  1804 | D:3      | Bought a scroll of noise for 14 gold pieces
  1876 | D:3      | Found a faded altar of an unknown god.
  2010 | D:3      | XOM: give mutations
  2010 | D:3      | Gained mutation: Your natural rate of healing is unusually
                  | fast. [Xom's grace]
  2010 | D:3      | Gained mutation: Your mind is acute. (Int +4, Str/Dex -1)
                  | [Xom's grace]
  2010 | D:3      | Gained mutation: You are robust. (+10% HP) [Xom's grace]
  2330 | D:4      | XOM: stat loss: -1 Int (14/15)
  2347 | D:4      | XOM: divination: detect items
  2350 | D:4      | Reached skill level 1 in Spellcasting
  2352 | D:4      | XOM: blink monster(s)
  2362 | D:4      | Reached XP level 6. HP: 51/52 MP: 7/7
  2629 | D:4      | Reached XP level 7. HP: 59/59 MP: 8/8
  2696 | D:4      | Reached skill level 1 in Throwing
  2748 | D:4      | Reached skill level 1 in Shapeshifting
  2779 | D:4      | XOM: potion effect (curing)
  2885 | D:4      | XOM: divination: detect items
  2941 | D:4      | XOM: divination: detect creatures
  2976 | D:4      | XOM: divination: magic mapping
  2980 | D:4      | XOM: potion effect (invisibility)
  2984 | D:4      | Reached XP level 8. HP: 27/67 MP: 10/10
  3357 | D:4      | Found a bloodstained altar of Trog.
  3358 | D:4      | Found a basalt altar of Yredelemnul.
  3359 | D:4      | Found a sacrificial altar of Ru.
  3359 | D:4      | Found a hazy altar of Hepliaklqana.
  3359 | D:4      | Found a shimmering altar of Xom.
  3483 | D:5      | Entered Level 5 of the Dungeon
  3495 | D:5      | XOM: silly message
  3522 | D:5      | XOM: butterfly on damage
  3623 | D:5      | XOM: silly message
  3700 | D:5      | XOM: potion effect (might)
  3704 | D:5      | Reached skill level 5 in Fighting
  3707 | D:5      | Reached skill level 5 in Axes
  3858 | D:5      | Reached XP level 9. HP: 71/74 MP: 12/12
  3863 | D:5      | XOM: silly message
  4073 | D:6      | XOM: divination: magic mapping
  4146 | D:6      | Identified a scroll of acquirement
  4176 | D:6      | XOM: silly message
  4195 | D:6      | XOM: cloud trail
  4498 | D:6      | Found a staircase to the Ecumenical Temple.
  4523 | Temple   | Entered the Ecumenical Temple
  4764 | D:3      | Bought a potion of heal wounds for 70 gold pieces
  4764 | D:3      | Bought a wand of warping (4) for 134 gold pieces
  4890 | D:6      | XOM: give mutations
  4890 | D:6      | Gained mutation: You have hidden genetic potential. [Xom's
                  | grace]
  4890 | D:6      | Lost mutation: You have hidden genetic potential. [Xom's
                  | grace]
  4890 | D:6      | Gained mutation: You are somewhat resistant to further
                  | mutation. [Xom's grace]
  4890 | D:6      | Gained mutation: You are covered in fur. (AC +1) [Xom's
                  | grace]
  4890 | D:6      | Gained mutation: You are very robust. (+20% HP) [Xom's
                  | grace]
  4918 | D:6      | Noticed Jeremiah
  4944 | D:6      | Killed Jeremiah
  5418 | D:7      | Noticed Pikel
  5425 | D:7      | XOM: summons 2 friendly demons
  5428 | D:7      | XOM: divination: detect creatures
  5434 | D:7      | XOM: enchant monster (good)
  5437 | D:7      | Killed Pikel
  5438 | D:7      | Reached skill level 1 in Evocations
  5618 | D:7      | Found a broken altar of Ashenzari.
  5619 | D:7      | Found a stormy altar of Qazlal.
  5666 | D:7      | Reached skill level 5 in Armour
  5676 | D:7      | Reached XP level 10. HP: 68/89 MP: 13/13
  6004 | D:7      | Learned a level 5 spell: Metabolic Englaciation
  6110 | D:8      | Found Acsuelaca's Armour Shoppe.
  6297 | D:8      | Noticed Erica
  6306 | D:8      | Killed Erica
  6450 | D:8      | Reached skill level 5 in Dodging
  6470 | D:8      | XOM: scenery: create altars
  6517 | D:8      | XOM: summons 2 hostile demons
  6609 | D:8      | Noticed Joseph
  6617 | D:8      | XOM: summons 9 friendly demons
  6619 | D:8      | Killed Joseph
  6620 | D:8      | Reached skill level 5 in Polearms
  6710 | D:8      | Noticed Gastronok
  6714 | D:8      | XOM: cast spell 'Fugue of the Fallen'
  6732 | D:8      | Killed Gastronok
  6822 | D:8      | Reached skill level 5 in Stealth
  6822 | D:8      | Reached XP level 11. HP: 99/99 MP: 15/15
  6880 | D:8      | Acquired 785 gold pieces
  6917 | D:9      | Found a white marble altar of Elyvilon.
  6966 | D:9      | Noticed Psyche
  6974 | D:9      | Killed Psyche
  7084 | D:9      | XOM: scenery: 1 doors close
  7098 | D:9      | Noticed a two-headed ogre
  7106 | D:9      | Killed a two-headed ogre
  7132 | D:9      | Learned a level 3 spell: Vampiric Draining
  7137 | D:9      | Learned a level 4 spell: Martyr's Knell
  7190 | D:9      | XOM: god gift: scale mail {god gift}
  7220 | D:9      | Noticed a boulder beetle
  7231 | D:9      | Killed a boulder beetle
  7232 | D:9      | Reached skill level 1 in Hexes
  7232 | D:9      | Reached skill level 1 in Ice Magic
  7242 | D:9      | XOM: cloud trail
  7355 | D:9      | Noticed a five-headed hydra
  7370 | D:9      | Killed a five-headed hydra
  7391 | D:9      | Noticed a boulder beetle
  7392 | D:9      | Identified the +4 orcbow of Bodily Harmony {freeze, rF++}
  7392 | D:9      | Noticed a centaur warrior
  7404 | D:9      | XOM: silly message
  7414 | D:9      | Slain by a boulder beetle

Illustrated notes

Levels and vault maps discovered:
D:1:      psy_arrival_terrarium, layout_basic, nrook_mini_vaults,
          kennysheep_boxes
D:2:      layout_basic
D:3:      layout_loops_ring, serial_shops, shop,
          hellmonk_ecumenical_altar_leap_of_faith, uniq_natasha
D:4:      lemuel_castle_with_subvaults [lemuel_castle_interior_original],
          layout_loops_cross, grunt_temple_overflow_open
D:5:      layout_gridville, st_stairs_1, serial_bayou_ford_a
D:6:      layout_gridville, minmay_temple_entry_drinking_statues,
          bh_walls_and_bars, uniq_jeremiah
D:7:      layout_loops_ring, chequers_temple_overflow_statue_of_worship,
          uniq_pikel
D:8:      layout_loops_ring, serial_shops, nicolae_shop_gibbet_a_chance,
          uniq_erica, uniq_gastronok, uniq_joseph
D:9:      layout_roguey, elyvilon_altar_1, minmay_evil_grid, uniq_psyche
Temple:   hellmonk_temple_forest_ring

Skill      XL: |  1  2  3  4  5  6  7  8  9 10 11 |
---------------+----------------------------------+-----
Dodging        | 1 2 3 4 5 |  5.9
Polearms       | 1 2 3 4 5 |  5.7
Armour         | 2 3 4 5 6 |  6.2
Stealth        | 1 2 3 4 5 |  5.0
Spellcasting   | 1 2 3 |  3.5
Fighting       | 4 5 6 7 |  7.1
Throwing       | 1 2 3 |  3.7
Axes           | 4 5 6 7 |  7.0
Shapeshifting  | 1 2 3 |  3.3
Evocations     | 2 3 4 |  4.1
Hexes          | 1 |  1.2
Ice Magic      | 1 |  1.2
Summonings     | |  0.7
Necromancy     | |  0.6

Action                     |  1- 3 |  4- 6 |  7- 9 | 10-12 || total
---------------------------+-------+-------+-------+-------++-------
  Melee: Dagger            |    60 |     6 |       |       ||    66
         Hand axe          |    64 |   108 |   348 |   198 ||   718
         Spear             |       |   109 |   302 |       ||   411
         Trident           |       |       |    78 |   234 ||   312
  Throw: Dart              |       |       |     4 |       ||     4
  Evoke: Wand              |       |       |     4 |    15 ||    19
    Use: Scroll            |       |     5 |     8 |     2 ||    15
         Potion            |       |       |     9 |     1 ||    10
   Stab: Sleeping          |       |     3 |     2 |     7 ||    12
         Distracted        |       |     2 |       |     1 ||     3
         Confused          |       |     1 |       |       ||     1
         Invisible         |       |       |     4 |       ||     4
         Petrifying        |       |       |     2 |       ||     2
         Paralysed         |       |       |     1 |     9 ||    10
 Armour: Leather armour    |    41 |    71 |    42 |       ||   154
         Chain mail        |       |       |   148 |       ||   148
         Acid dragon scale |       |       |   162 |   185 ||   347
         Skin              |       |       |    30 |       ||    30
  Dodge: Dodged            |    40 |    82 |   176 |   153 ||   451

Table legend: (Time is in decaauts)
 A = Elapsed time spent in this place.
 B = Non-inter-level travel time spent in this place.
 C = Inter-level travel time spent in this place.
 D = Time resting spent in this place.
 E = Time spent auto-exploring this place.
 F = Levels seen in this place.
 G = Mean time per level.
                   A        B        C        D        E       F      G
               +--------+--------+--------+--------+--------+-----+--------+
         Total |   7401 |   6892 |    509 |    213 |   4848 |  10 |  740.1 |
       Dungeon |   7346 |   6837 |    509 |    161 |   4848 |   9 |  816.2 |
        Temple |     55 |     55 |      0 |     52 |      0 |   1 |   55.0 |
               +--------+--------+--------+--------+--------+-----+--------+

Top non-repeatable levels by time:
     D:4: 1268 daAuts
     D:6: 1042 daAuts
     D:3: 942 daAuts
     D:8: 877 daAuts
     D:2: 741 daAuts
     D:7: 722 daAuts
     D:1: 651 daAuts
     D:5: 605 daAuts
     D:9: 494 daAuts
  Temple: 55 daAuts
